 Dungeon Crawl Stone Soup version 0.26-a0-707-g31817bcca1 (webtiles) character file.

Game seed: 16645013079374642234

759 dickylongcocking the Sneak (level 7, -1/34 HPs)
             Began as a Spriggan Brigand on Oct 26, 2020.
             Killed by divine providence
             ... invoked by an orc priest
              (8 damage)
             ... on level 5 of the Dungeon.
             The game lasted 00:03:53 (4720 turns).

dickylongcocking the Sneak (Spriggan Brigand)       Turns: 4720, Time: 00:03:54

Health: -1/34      AC:  4    Str:  6 (9)  XL:     7   Next: 50%
Magic:  8/8        EV: 22    Int: 11 (12) God:
Gold:   192        SH:  0    Dex: 18 (20) Spells: 6/6 levels left

rFire    . . .     SeeInvis +   p - +1 dagger (venom)
rCold    . . .     Faith    .   (shield restricted)
rNeg     . . .     Spirit   .   b - +0 robe
rPois    .         Reflect  .   (helmet restricted)
rElec    .         Harm     .   c - +1 cloak
rCorr    .         Rampage  .   (gloves unavailable)
MR       +....                  (boots unavailable)
Stlth    ++++......             w - amulet of magic regeneration
HPRegen  0.11/turn              (no ring)
MPRegen  0.36/turn              (no ring)

@: very quick
A: very small, unfitting armour, see invisible, agile 1, speed 3
a: no special abilities


You were on level 5 of the Dungeon.
You visited 1 branch of the dungeon, and saw 5 of its levels.
You also visited: Sewer.

You collected 192 gold pieces.

Inventory:

Hand Weapons
 a - a +2 dagger
 p - a +1 dagger of venom (weapon)
Missiles
 d - 24 poisoned darts
 e - 4 curare-tipped darts (quivered)
Armour
 b - a +0 robe (worn)
 c - a +1 cloak (worn)
Jewellery
 i - an uncursed amulet of reflection {unknown}
 w - an amulet of magic regeneration (around neck)
Wands
 m - a wand of paralysis (3)
 q - a wand of flame (25)
 x - a wand of disintegration (19)
Scrolls
 h - 8 scrolls of teleportation
 j - a scroll of blinking {unknown}
 k - a scroll of remove curse
 l - a scroll of amnesia {unknown}
 o - a scroll of magic mapping {unknown}
 t - 2 scrolls of identify {unknown}
Potions
 f - a potion of cancellation {unknown}
 g - 4 potions of degeneration
 n - 2 potions of might
 r - a potion of flight
 s - a potion of stabbing
 v - a potion of resistance {unknown}


   Skills:
 - Level 1.7 Fighting
 * Level 5.5 Short Blades
 - Level 2.0 Throwing
 * Level 6.7 Dodging
 + Level 7.9 Stealth
 * Level 4.6 Evocations


You had 6 spell levels left.
You didn't know any spells.
Your spell library was empty.

Dungeon Overview and Level Annotations

Branches:
Dungeon (5/15)              Sewer (visited)
 Temple: D:4-7

Altars:
Ashenzari
Dithmenos
Hepliaklqana
Kikubaaqudgha
Uskayaw

Shops:
D:4 (


Innate Abilities, Weirdness & Mutations

You are very small and have problems with some larger weapons.
You are too small for most types of armour.
You have supernaturally acute eyesight. (SInv)
You cover ground extremely quickly.
You are agile. (Dex +2)


Message History

The gnoll is lightly wounded.
The orc priest casts a cantrip, but nothing happens.
You kill the gnoll!
The gnoll hits you with a +0 whip.
You hit the gnoll.
The gnoll is lightly wounded.
The gnoll misses you.
You hit the gnoll.
The gnoll is poisoned.
The gnoll is moderately wounded.
The gnoll hits you from afar with a +0 halberd!
You barely miss the gnoll.
The gnoll is heavily wounded.
The gnoll completely misses you.
The orc priest mumbles some strange prayers to Beogh against you.
Beogh smites you!
* * * LOW HITPOINT WARNING * * *
The orc wizard closely misses you.
The orc priest calls down the wrath of Beogh upon you.
Beogh smites you!
You die...

##.###.#####. ########.##
##.## # #.......## ##.# ...
#.######.# ##.#########.#.
#.# #..###..........#...
#.# #.#.#...#####.#...).
#.# #.##.#..#####o#._...
#.# ##.####o.....†.......
#.# #...@Z.gg.o.(..o.$.⌠.
#.# #..####o.#####Z.....o
#.# #..####..#####.......
#.#####........[...........
#...................#.#....
#<.............####.#..####
#.#####.##.###.# #.###.#
#.# #. #.# #.# #.# #.# ..#
# #.# #.# #.#


You could see an orc priest, an orc wizard, 2 gnolls, an orc and a bullfrog
skeleton.

Vanquished Creatures
  Sigmund (D:4)
  A phantom (D:4)
  An ogre (D:4)
  A centaur (D:2)
  A hound (D:4)
  2 orc priests (D:4)
  An orc wizard (D:4)
  9 adders
  A gnoll (D:5)
  5 oozes
  9 worms
  4 dart slugs
  4 leopard geckos
  9 orcs
  13 bats
  5 giant cockroaches
  9 goblins
  4 hobgoblins
  10 jackals
  5 kobolds
  A quokka (D:3)
  5 ball pythons
  6 frilled lizards
  7 rats
114 creatures vanquished.

Notes
Turn   | Place    | Note
-------+----------+-------------------------------------------
     0 | D:1      | dickylongcocking the Spriggan Brigand began the quest for
                  | the Orb.
     0 | D:1      | Reached XP level 1. HP: 10/10 MP: 2/2
    41 | D:1      | Reached skill level 6 in Stealth
   112 | D:1      | Reached XP level 2. HP: 8/15 MP: 3/3
   856 | D:2      | Reached XP level 3. HP: 18/18 MP: 4/4
  1153 | D:2      | Reached XP level 4. HP: 16/23 MP: 5/5
  1279 | D:2      | Noticed a centaur
  1286 | D:2      | Gained mutation: You are agile. (Dex +2) [potion of
                  | mutation]
  1292 | D:2      | Killed a centaur
  1292 | D:2      | Reached skill level 1 in Evocations
  1292 | D:2      | Reached XP level 5. HP: 19/26 MP: 6/6
  1783 | D:3      | Reached skill level 7 in Stealth
  2055 | D:3      | Found a glowing drain.
  2065 | Sewer    | Entered a sewer
  2669 | Sewer    | Reached skill level 5 in Dodging
  2798 | Sewer    | Reached XP level 6. HP: 30/30 MP: 7/7
  2963 | D:3      | Found a broken altar of Ashenzari.
  3135 | D:3      | Found an ancient bone altar of Kikubaaqudgha.
  3495 | D:4      | Found Ogrew's Antique Weapon Shoppe.
  3538 | D:4      | Noticed Sigmund
  3560 | D:4      | Killed Sigmund
  3699 | D:4      | Reached skill level 5 in Short Blades
  3699 | D:4      | Reached XP level 7. HP: 29/34 MP: 8/8
  3833 | D:4      | Found a shadowy altar of Dithmenos.
  4654 | D:5      | Entered Level 5 of the Dungeon
  4693 | D:5      | Found a hide-covered altar of Uskayaw.
  4694 | D:5      | Found a hazy altar of Hepliaklqana.
  4720 | D:5      | Killed from afar by an orc priest

Illustrated notes

Levels and vault maps discovered:
D:1:      lemuel_arrival_river_passageway, layout_loops_ring, solitary_fountain
D:2:      layout_basic, minmay_tetromino_s4
D:3:      minmay_angry_zag, layout_loops_ring, marbit_many_paths,
          ashenzari_conservatory_becter, cheibrodos_sewer_entry_drain,
          eino_curves_01
D:4:      layout_gridville, serial_shops, nicolae_shop_overgrown_old_shop,
          nicolae_dithmenos_the_darkroom, uniq_sigmund
D:5:      layout_loops_ring, nicolae_overflow_crystal_walls,
          grunt_temple_overflow_open

Skill      XL: |  1  2  3  4  5  6  7 |
---------------+----------------------+-----
Stealth        | 6 7 |  7.9
Dodging        | 2 3 4 5 6 |  6.7
Short Blades   | 3 4 5 |  5.5
Evocations     | 1 2 3 4 |  4.6
Fighting       | |  1.7
Throwing       | |  2.0

Action                   |  1- 3 |  4- 6 |  7- 9 || total
-------------------------+-------+-------+-------++-------
Melee: Dagger            |    84 |   244 |    55 ||   383
Throw: Dart              |       |     9 |       ||     9
Evoke: Wand              |       |     5 |       ||     5
  Use: Potion            |       |     5 |     3 ||     8
       Scroll            |       |       |     3 ||     3
 Stab: Sleeping          |    10 |    22 |     1 ||    33
       Paralysed         |       |     2 |       ||     2
       Distracted        |       |     1 |       ||     1
Armor: Robe              |     8 |    28 |     4 ||    40
Dodge: Dodged            |    62 |   245 |    64 ||   371

Table legend: (Time is in decaauts)
 A = Elapsed time spent in this place.
 B = Non-inter-level travel time spent in this place.
 C = Inter-level travel time spent in this place.
 D = Time resting spent in this place.
 E = Time spent auto-exploring this place.
 F = Levels seen in this place.
 G = Mean time per level.
                   A        B        C        D        E       F      G
               +--------+--------+--------+--------+--------+-----+--------+
         Total |   3638 |   3588 |     50 |    203 |   2640 |   6 |  606.3 |
       Dungeon |   2891 |   2841 |     50 |     87 |   2229 |   5 |  578.2 |
         Sewer |    747 |    747 |      0 |    116 |    411 |   1 |  747.0 |
               +--------+--------+--------+--------+--------+-----+--------+

Top non-repeatable levels by time:
     D:4: 904 daAuts
   Sewer: 747 daAuts
     D:2: 694 daAuts
     D:3: 673 daAuts
     D:1: 578 daAuts
     D:5: 40 daAuts
